Map: Odyssée EC

Players

zidar

  • Race: Zerg Zerg
  • League: Gold
  • Spawn Location: 11:00

jeanjean - Winner!

  • Race: Protoss Protoss
  • League: Platinum
  • Spawn Location: 5:00

VOD

Have the link to the VOD?

Description

Time

  • Played on: June 28, 2017, 11:49 a.m.
  • Length: 4:11
Show
View Real Time Build Order
Export as new Build Order

zidar Zerg 

Build Orders: Pool First 

Get SALT Encoding   

  12  0:01  Drone  
  13  0:12  Overlord  
  13  0:16  Drone  
  14  0:30  Drone x2  
  16  0:45  Spawning Pool  
  16  0:46  Drone  
  16  1:11  Hatchery  
  15  1:14  Drone  
  15  1:16  Extractor  
  15  1:19  Drone  
  16  1:33  Queen  
  16  1:39  Drone  
  19  1:45  Overlord  
  19  1:49  Drone  
  20  2:16  Metabolic Boost  
  20  2:19  Zergling x6  
  23  2:27  Spore Crawler  
  22  2:31  Queen  
  23  2:52  Zergling x12  
  21  3:29  Zergling x8  
  21  3:30  Zergling x4  
Show
View Real Time Build Order
Export as new Build Order

jeanjean Protoss - Winner!

Build Orders:  

Get SALT Encoding   

  12  0:02  Probe (Chrono Boost)  
  13  0:12  Probe (Chrono Boost)  
  14  0:23  Probe (Chrono Boost)  
  15  0:38  Pylon  
  15  0:56  Gateway  
  15  0:57  Gateway  
  15  1:01  Gateway  
  15  1:10  Pylon  
  15  1:20  Pylon  
  15  1:23  Probe (Chrono Boost)  
  16  1:34  Probe (Chrono Boost)  
  16  1:36  Pylon  
  17  1:46  Zealot (Chrono Boost)  
  21  1:47  Zealot (Chrono Boost)  
  21  1:51  Zealot (Chrono Boost)  
  23  2:15  Zealot (Chrono Boost)  
  29  2:16  Zealot x2 (Chrono Boost)  
  29  2:39  Zealot (Chrono Boost)  
  29  2:42  Zealot (Chrono Boost)  
  29  2:43  Zealot (Chrono Boost)  
  29  3:03  Zealot (Chrono Boost)  
  33  3:07  Cybernetics Core  
  33  3:09  Zealot (Chrono Boost)  
  33  3:10  Probe, Zealot (Chrono Boost)  
  33  3:11  Assimilator  
  34  3:26  Zealot (Chrono Boost)  
  36  3:36  Zealot (Chrono Boost)  
  36  3:37  Zealot (Chrono Boost)  
  36  3:54  Probe  
Tags
 
Matchup
PvZ
Opening
Pool First
Spawn Locations
Cross Positions
Add a new tag
Caveats
  • Supply blocks, unpowered buildings, or Contaminate may cause inaccurate times.
  • Supply counts are checked every 10 seconds.